 Dungeon Crawl Stone Soup version 0.31.0-9-g3a7656b989 (webtiles) character file.

Game seed: 5303394891523417084

42 CaptainMV the Ducker (level 3, 0/26 HPs)
             Began as a Demonspawn Wanderer on Jan 30, 2024.
             Slain by Natasha (6 damage)
             ... on level 2 of the Dungeon.
             The game lasted 00:07:19 (1011 turns).

CaptainMV the Ducker (Demonspawn Wanderer)          Turns: 1011, Time: 00:07:20

Health: 0/26       AC: 12    Str: 10    XL:     3   Next: 33%
Magic:  2/4        EV: 12    Int: 12    God:
Gold:   26         SH:  4    Dex: 16    Spells: 3/4 levels left

rFire   . . .        a - +0 dagger
rCold   . . .        i - +0 buckler
rNeg    . . .        d - +2 leather armour
rPois   .            (no helmet)
rElec   .            (no cloak)
rCorr   .            f - +0 pair of gloves
SInv    .            (no boots)
Will    .....        (no amulet)
Stlth   ++           (no ring)
HPRegen 0.24/turn    (no ring)
MPRegen 0.09/turn

%: no passive effects
@: sanguine armoured
A: sanguine armour 1
a: no special abilities


You were on level 2 of the Dungeon.
You visited 1 branch of the dungeon, and saw 2 of its levels.

You collected 26 gold pieces.

Inventory:

Hand Weapons
 a - a +0 dagger (weapon)
Missiles
 h - 4 boomerangs (quivered)
Armour
 d - a +2 leather armour (worn)
 f - a +0 pair of gloves (worn)
 i - a +0 buckler (worn)
Magical Staves
 b - a staff of alchemy
Jewellery
 j - an amulet of guardian spirit
Potions
 c - a potion of mutation
 e - a potion of cancellation {unknown}
 g - 2 potions of haste
 k - a potion of degeneration {unknown}
 l - a potion of brilliance {unknown}
 m - 2 potions of magic


   Skills:
 + Level 1.0 Fighting
 + Level 0.3 Short Blades
 + Level 0.6 Armour
 + Level 3.3 Dodging
 + Level 2.0 Stealth
 + Level 1.4 Shields
 + Level 1.1 Spellcasting
 + Level 2.1 Hexes


You had 3 spell levels left.
You knew the following spells:

 Your Spells              Type           Power      Damage    Failure   Level
a - Slow                  Hex            20%        N/A       26%         1

Your spell library contained the following spells:

 Spells                   Type           Power      Damage    Failure   Level
 Confusing Touch          Hex            5%         N/A       58%         3


Dungeon Overview and Level Annotations

Branches:
Dungeon (2/15)

Altars:

Shops:
D:2 ?

Annotations:
D:2 Natasha


Innate Abilities, Weirdness & Mutations

When seriously injured, your blood forms armour. (AC +6)


Message History

There is a stone staircase leading up here.
You miss the cerulean imp. Natasha barely misses you.
The cerulean imp closely misses you.
You barely miss the cerulean imp. Natasha closely misses you.
You block the cerulean imp's attack.
You closely miss the cerulean imp. Natasha claws you but does no damage.
The cerulean imp hits you but does no damage.
Your magical contamination has completely faded away.
You hit the cerulean imp.
The cerulean imp is lightly wounded.
Natasha closely misses you. The cerulean imp misses you.
You hit the cerulean imp.
The cerulean imp is lightly wounded.
Natasha claws you!
* * * LOW HITPOINT WARNING * * *
You block the cerulean imp's attack.
You barely miss the cerulean imp.
The cerulean imp is lightly wounded.
The cerulean imp barely misses you. Natasha casts a spell at you.
You resist with significant effort.
You hit the cerulean imp but do no damage.
The cerulean imp is lightly wounded.
Natasha mumbles some strange words.
You block the cerulean imp's attack.
You hit the cerulean imp.
The cerulean imp is moderately wounded.
Natasha claws you but does no damage. The cerulean imp closely misses you. x2
You hit the cerulean imp.
The cerulean imp is moderately wounded.
Natasha claws you but does no damage. The cerulean imp misses you.
The cerulean imp hits you but does no damage.
You hit the cerulean imp but do no damage.
The cerulean imp is moderately wounded.
The cerulean imp disappears in a puff of smoke!
Natasha misses you. The cerulean imp barely misses you.
You hit the cerulean imp but do no damage.
Natasha claws you.
You die...
Natasha curls up and begins to purr.

#.. .# #.# .# #
########.# .# ##
#..(..##.####.#
.####.#...........#
#..†....#.##.###..#
.####.....##.##...##
##
#.....##.#..h..####
#
##...###...5@.....#
##.## ###.$§..##.#
#.# ##...## # #.#
##### ##'## ##...##
## ##.....##
.###.......#
.##.........#


You could see Natasha and a cerulean imp (summoned).

Vanquished Creatures
  An adder (D:1)
  2 bats (D:1)
  4 endoplasms
  A giant cockroach (D:1)
  3 goblins (D:1)
  3 hobgoblins
  4 jackals (D:1)
  A kobold (D:2)
  3 quokkas
  3 ball pythons
  A frilled lizard (D:1)
  A rat (D:2)
27 creatures vanquished.

Notes
Turn   | Place    | Note
-------+----------+-------------------------------------------
     0 | D:1      | CaptainMV the Demonspawn Wanderer began the quest for the
                  | Orb.
     0 | D:1      | CaptainMV set off with the following items: a +0 dagger, a
                  | +0 buckler, a potion of mutation, a +2 leather armour; and
                  | the following spell memorised: Slow; and the following
                  | spells available to memorise: Confusing Touch.
     0 | D:1      | Reached XP level 1. HP: 15/15 MP: 2/2
   106 | D:1      | Reached skill level 3 in Dodging
   173 | D:1      | Gained mutation: When seriously injured, your blood forms
                  | armour. (AC +6) [demonic ancestry]
   173 | D:1      | Reached XP level 2. HP: 19/21 MP: 3/3
   649 | D:1      | Reached XP level 3. HP: 8/26 MP: 0/4
   838 | D:2      | Found Oterch's Magic Scroll Boutique.
   970 | D:2      | Noticed Natasha
  1011 | D:2      | Slain by Natasha

Illustrated notes

Levels and vault maps discovered:
D:1:      tarquinn_simple_flora_water_d, layout_loops_ring
D:2:      layout_loops_corners, serial_shops, shop, st_stairs_11,
          minmay_fractal_squares_gapless_5, uniq_natasha, uniq_robin,
          uniq_crazy_yiuf_cottage

Skill      XL: |  1  2 |
---------------+-------+-----
Dodging        | 3 |  3.3
Stealth        | 2 |  2.0
Fighting       | |  1.0
Short Blades   | |  0.3
Armour         | |  0.6
Shields        | |  1.4
Spellcasting   | |  1.1
Hexes          | |  2.1

Action                     || total
---------------------------++-------
  Melee: Dagger            ||   177
   Cast: Slow              ||    10
    Use: Scroll            ||     4
   Stab: Sleeping          ||     7
 Armour: Leather armour    ||   114
  Dodge: Dodged            ||    85
  Block: Buckler           ||    38
